 Dungeon Crawl Stone Soup version 0.31-a0-590-g8a5a4361df (webtiles) character file.

Game seed: 11708141662573058089

6985 gruber the Summoner (level 11, -3/64 HPs)
             Began as a Tengu Summoner on Aug 17, 2023.
             Shot with an arrow by a centaur warrior (10 damage)
             ... on level 10 of the Dungeon on Aug 19, 2023.
             The game lasted 00:25:08 (10996 turns).

gruber the Summoner (Tengu Summoner)               Turns: 10996, Time: 00:25:09

Health: -3/64      AC:  8    Str:  9    XL:     11   Next: 8%
Magic:  0/19       EV: 22    Int: 19    God:
Gold:   587        SH:  0    Dex: 15    Spells: 5/20 levels left

rFire   + . .        u - +1 spear (venom)
rCold   + . .        (no shield)
rNeg    . . .        E - +2 robe {rC+ rF+}
rPois   .            (helmet restricted)
rElec   .            y - +1 cloak {rCorr}
rCorr   +            g - +0 pair of gloves
SInv    .            (boots unavailable)
Will    .....        (no amulet)
Stlth   ++           J - +5 ring of evasion
HPRegen 0.30/turn    z - ring of wizardry
MPRegen 0.16/turn

%: wizardry (x1)
@: flying quickly and evasively, quick
A: beak, talons 3, nimble flight
a: no special abilities


You were on level 10 of the Dungeon.
You visited 2 branches of the dungeon, and saw 11 of its levels.

You collected 587 gold pieces.

Inventory:

Hand Weapons
 u - a +1 spear of venom (weapon)
Missiles
 I - 5 poisoned darts
 M - 2 curare-tipped darts
Armour
 g - a +0 pair of gloves (worn)
 y - a +1 cloak of preservation (worn)
 E - a +2 robe of resistance (worn)
Jewellery
 f - a ring of magical power
 x - a ring of resist corrosion
 z - a ring of wizardry (right hand)
 J - a +5 ring of evasion (left hand)
 L - an amulet of regeneration
Wands
 B - a wand of flame (30)
 F - a wand of charming (9)
 K - a wand of acid (3)
 N - a wand of mindburst (7)
 O - a wand of roots (4)
Scrolls
 d - 2 scrolls of summoning {unknown}
 e - 3 scrolls of blinking {unknown}
 h - 7 scrolls of fog {unknown}
 i - 3 scrolls of amnesia {unknown}
 j - 9 scrolls of identify {unknown}
 l - 4 scrolls of revelation {unknown}
 m - 2 scrolls of fear {unknown}
 p - a scroll of poison {unknown}
 s - 4 scrolls of immolation {unknown}
 t - a scroll of enchant armour {unknown}
 A - 2 scrolls of vulnerability {unknown}
 C - 6 scrolls of teleportation {unknown}
 H - 2 scrolls of enchant weapon {unknown}
Potions
 a - 2 potions of degeneration {unknown}
 b - a potion of magic
 c - 3 potions of curing
 k - a potion of lignification {unknown}
 n - 2 potions of haste {unknown}
 o - 2 potions of heal wounds {unknown}
 q - 3 potions of might {unknown}
 r - a potion of invisibility {unknown}
 v - a potion of mutation {unknown}
 w - 3 potions of enlightenment
 D - a potion of brilliance {unknown}
 G - a potion of resistance {unknown}


   Skills:
 - Level 6.1 Fighting
 - Level 7.0 Polearms
 - Level 7.6 Armour
 - Level 6.1 Dodging
 - Level 2.0 Stealth
 - Level 5.0 Spellcasting
 * Level 12.4 Summonings


You had 5 spell levels left.
You knew the following spells:

 Your Spells              Type           Power      Damage    Failure   Level
a - Summon Small Mammal   Summ           100%       N/A       1%          1
b - Call Imp              Summ           100%       N/A       1%          2
c - Call Canine Familiar  Summ           51%        N/A       1%          3
d - Borgnjor's Vile Clut  Necr/Erth      2%         N/A       77%         5
e - Summon Lightning Spi  Summ/Air       28%        N/A       4%          4

Your spell library contained the following spells:

 Spells                   Type           Power      Damage    Failure   Level
 Summon Guardian Golem    Hex/Summ       28%        N/A       1%          3
 Magic Dart               Conj           16%        1d3       4%          1
 Sandblast                Erth           8%         2d5       4%          1
 Cigotuvi's Dreadful Rot  Necr/Pois/Air  8%         N/A       8%          2
 Passwall                 Tmut/Erth      3%         N/A       8%          2
 Searing Ray              Conj           8%         2d4       8%          2
 Static Discharge         Conj/Air       8%         2-3/arc   8%          2
 Summon Forest            Summ/Tloc      14%        N/A       11%         5
 Summon Mana Viper        Hex/Summ       28%        N/A       11%         5
 Stone Arrow              Conj/Erth      8%         3d7       16%         3
 Airstrike                Air            2%         2d(1-17)  43%         4
 Dispel Undead            Necr           4%         3d7       43%         4
 Fulminant Prism          Conj/Hex       2%         3d5       43%         4
 Alistair's Intoxication  Tmut/Pois      2%         N/A       77%         5
 Summon Cactus Giant      Summ           25%        N/A       4%          6
 Death Channel            Necr           2%         N/A       99%         6
 Eringya's Noxious Bog    Tmut/Pois      2%         4d6       99%         6


Dungeon Overview and Level Annotations

Branches:
Dungeon (10/15)            Temple (1/1) D:7
   Lair: D:8-11         Orc: D:9-12

Altars:
Ashenzari
Cheibriados
Dithmenos
Elyvilon
Fedhas
Gozag
Hepliaklqana
Kikubaaqudgha
Makhleb
Nemelex Xobeh
Okawaru
Qazlal
Ru
Sif Muna
Trog
Uskayaw
Vehumet
Wu Jian
Xom
Yredelemnul
Zin
The Shining One

Shops:
D:2 (   D:6 ?   D:7 [   D:8 (


Innate Abilities, Weirdness & Mutations

You have a beak for a mouth.
You have claws for feet.
Your magical nature lets you fly swiftly and evasively.


Message History

What are your orders? t - Shout!
Orders for allies: a - Attack new target. r - Retreat! s - Stop attacking. g - Guard the area. f - Follow me.
Anything else - Cancel.
Gang up on whom?
Press: ? - help, Dir - move target, f - you Really target yourself?
Okay, then.
Unknown command.
Unknown command.
Your quokka bites the centaur warrior.
The centaur warrior shoots an arrow.
The arrow completely misses your quokka.
The arrow hits you!!
* * * LOW HITPOINT WARNING * * *
Your quokka bites the centaur warrior but does no damage.
There is a stone staircase leading down, spattered with blood here.
Unknown command.
Unknown command.
Unknown command.
Unknown command.
You feel better.
Your wolf closely misses the centaur warrior.
Your quokka bites the centaur warrior.
The centaur warrior shoots an arrow.
The arrow hits your quokka!!
Your quokka dies!
Your quokka's corpse disappears in a puff of smoke!
Your wolf barely misses the centaur warrior.
Your quokka bites the centaur warrior but does no damage.
Unknown command.
Unknown command.
Reach: u) +1 spear (venom)
Press: ? - help, Dir - move target, f - centaur warrior
Aim: a centaur warrior, wielding a +0 shortbow (moderately wounded, ally target, about 26% to evade your +1 spear of venom)
You reach to attack!
You hit the centaur warrior.
The centaur warrior is poisoned.
The centaur warrior is moderately wounded.
The centaur warrior shoots an arrow.
The arrow hits you!
You die...

..#
#......#.#............
.##
##............#$......
##
##...........#.8.....
##...#.....##..††.†.
##..###...#..#....†
#..##...##........
#..c#.............
##§hr.##.....###..
##@...........# ..
#.............# ..
#............## ##
##.#.........#
####.........
####.#.#### .#


You could see a centaur warrior (very poisoned, ally target), a friendly wolf
(summoned) and a friendly quokka (summoned).

Vanquished Creatures
  Pikel (D:6)
  Sigmund (D:6)
  A yak (D:10)
  Edmund (D:5)
  A water moccasin (D:8)
  Duvessa (D:4)
  3 black bears
  An orc warrior (D:9)
  2 sky beasts (D:7)
  2 ice beasts (D:7)
  3 kobold brigands
  3 bullfrogs
  4 scorpions
  A wight (D:6)
  7 killer bees
  5 howler monkeys
  A gnoll bouda (D:6)
  5 hounds
  3 orc priests
  3 iguanas
  4 orc wizards
  A sleepcap (D:5)
  3 adders
  A white imp (D:8)
  4 dart slugs
  8 orcs
  4 endoplasms
  15 giant cockroaches
  8 goblins
  4 hobgoblins
  9 jackals
  9 kobolds
  5 quokkas
  2 bats (D:1)
  2 frilled lizards
  4 rats
132 creatures vanquished.

Vanquished Creatures (collateral kills)
  A troll (D:7)
  A vampire (D:10)
  3 yaks (D:10)
  A wraith (D:10)
  A steam dragon (D:7)
  2 acid dragons
  A water moccasin (D:8)
  2 ice beasts
  A sky beast (D:7)
  An orc warrior (D:10)
  An ogre (D:7)
  2 centaurs
  A kobold brigand (D:9)
  A bullfrog (D:6)
  A scorpion (D:5)
  8 wights
  Dowan (D:4)
  A killer bee (D:9)
  2 howler monkeys (D:10)
  A jelly (D:8)
  5 orc priests
  Crazy Yiuf (D:4)
  An iguana (D:7)
  A sleepcap (D:4)
  Ijyb (D:5)
  6 orc wizards
  4 gnolls (D:6)
  6 adders
  2 white imps
  A worm (D:4)
  20 orcs
  An endoplasm (D:1)
  2 giant cockroaches (D:2)
  A goblin (D:4)
  A jackal (D:3)
  A quokka (D:4)
  A ball python (D:2)
  A frilled lizard (D:2)
  8 kobolds
  2 rats (D:1)
99 creatures vanquished.

Vanquished Creatures (others)
  A yak (D:10)
1 creature vanquished.

Grand Total: 232 creatures vanquished

Notes
Turn   | Place    | Note
-------+----------+-------------------------------------------
     0 | D:1      | gruber the Tengu Summoner began the quest for the Orb.
     0 | D:1      | Reached XP level 1. HP: 10/10 MP: 4/4
    18 | D:1      | Reached skill level 5 in Summonings
   320 | D:1      | Reached XP level 2. HP: 15/15 MP: 3/6
   335 | D:1      | Learned a level 2 spell: Call Imp
   803 | D:1      | Reached XP level 3. HP: 19/19 MP: 4/7
   845 | D:1      | Reached skill level 6 in Summonings
  1280 | D:2      | Learned a level 3 spell: Call Canine Familiar
  1505 | D:2      | Reached XP level 4. HP: 24/24 MP: 5/8
  1623 | D:2      | Found Toypeb's Antique Weapon Boutique.
  1843 | D:3      | Reached skill level 7 in Summonings
  1870 | D:3      | HP: 1/24 [something (3)]
  2056 | D:3      | Gained mutation: Your magical nature lets you fly swiftly
                  | and evasively. [Tengu growth]
  2056 | D:3      | Reached XP level 5. HP: 25/28 MP: 9/9
  2326 | D:3      | Reached skill level 8 in Summonings
  2759 | D:3      | Reached XP level 6. HP: 32/32 MP: 10/10
  3461 | D:4      | Reached skill level 9 in Summonings
  3670 | D:4      | Reached skill level 1 in Polearms
  3842 | D:4      | Noticed Dowan
  3843 | D:4      | Noticed Duvessa
  3852 | D:4      | Killed Dowan
  3853 | D:4      | Reached XP level 7. HP: 36/36 MP: 11/11
  3880 | D:4      | Killed Duvessa
  4123 | D:4      | Found a runed translucent door.
  4124 | D:4      | Noticed Crazy Yiuf
  4401 | D:4      | Killed Crazy Yiuf
  4512 | D:5      | Entered Level 5 of the Dungeon
  4544 | D:5      | Reached skill level 5 in Polearms
  4967 | D:5      | Reached XP level 8. HP: 38/41 MP: 12/12
  5552 | D:5      | Learned a level 5 spell: Borgnjor's Vile Clutch
  5568 | D:5      | Noticed Edmund
  5592 | D:5      | Killed Edmund
  5593 | D:5      | Reached skill level 5 in Dodging
  5771 | D:5      | Noticed Ijyb
  5781 | D:5      | Killed Ijyb
  5997 | D:6      | Noticed Sigmund
  6182 | D:6      | Reached skill level 1 in Armour
  6427 | D:6      | Reached XP level 9. HP: 45/45 MP: 13/13
  6621 | D:6      | Killed Sigmund
  6851 | D:6      | Reached skill level 5 in Armour
  7031 | D:6      | Noticed Pikel
  7051 | D:6      | Killed Pikel
  7090 | D:6      | Found Purphumo's Magic Scroll Emporium.
  7097 | D:6      | Upgraded the game from 0.31-a0-564-g3b7de120b3 to
                  | 0.31-a0-574-g69dc8cc98e
  7192 | D:6      | Reached skill level 1 in Fighting
  7879 | D:7      | Reached XP level 10. HP: 50/57 MP: 15/15
  8141 | D:7      | Found a staircase to the Ecumenical Temple.
  8147 | Temple   | Entered the Ecumenical Temple
  8193 | D:7      | Reached skill level 5 in Spellcasting
  8334 | D:7      | Found a glowing silver altar of Zin.
  8533 | D:7      | Found Cipeppy's Armour Shoppe.
  8569 | D:7      | Found a shimmering blue altar of Sif Muna.
  8649 | D:8      | Learned a level 4 spell: Summon Lightning Spire
  8755 | D:8      | Reached skill level 5 in Fighting
  9189 | D:8      | Found Moips's Antique Weapon Shoppe.
 10133 | D:9      | Reached skill level 10 in Summonings
 10334 | D:9      | Found an opulent altar of Gozag.
 10411 | D:9      | Upgraded the game from 0.31-a0-574-g69dc8cc98e to
                  | 0.31-a0-590-g8a5a4361df
 10420 | D:10     | Entered Level 10 of the Dungeon
 10498 | D:10     | Found an iron altar of Okawaru.
 10511 | D:10     | Reached skill level 11 in Summonings
 10702 | D:10     | Reached XP level 11. HP: 64/64 MP: 4/19
 10705 | D:10     | Reached skill level 12 in Summonings
 10837 | D:10     | Noticed a centaur warrior
 10837 | D:10     | Noticed a wizard
 10994 | D:10     | HP: 2/64 [centaur warrior/arrow (21)]
 10996 | D:10     | Shot with an arrow by a centaur warrior

Illustrated notes

Levels and vault maps discovered:
D:1:      saegor_arrival_simple_d, layout_basic, roderic_lattice_a,
          dreamdust_princess_bridge, kennysheep_small_spiral, interstate_on_off
D:2:      minmay_roachtagon, layout_basic, serial_shops,
          nicolae_shop_statue_plus
D:3:      layout_loops_corners, chequers_serial_rivers_large_a
D:4:      layout_loops_ring, supply_closet_lemuel, minmay_stone_trees_small,
          uniq_crazy_yiuf_cottage, uniq_duvessa
D:5:      layout_basic, serial_park_tiny_pond, uniq_ijyb, uniq_edmund
D:6:      layout_basic, serial_shops, shop, uniq_pikel, uniq_sigmund
D:7:      layout_rooms, mainiacjoe_overflow_alcove_1, kennysheep_mini_moat,
          minmay_temple_entry_hall, serial_shops, nicolae_shop_real_fake_doors,
          eino_curves_01, kennysheep_generic_room_7
D:8:      layout_loops_corners, serial_shops, shop
D:9:      layout_roguey, grunt_gozag_breadcrumbs, eino_tiny_chamber
D:10:     layout_cave_pools, mainiacjoe_overflow_brackets, enter_trove_5,
          minivault_20, minmay_fractal_squares_gapless_5
Temple:   hc_temple_tempest_star

Skill      XL: |  1  2  3  4  5  6  7  8  9 10 11 |
---------------+----------------------------------+-----
Summonings     | 5 6 7 8 9 11 12 | 12.4
Polearms       | 3 6 7 |  7.0
Dodging        | 6 |  6.1
Armour         | 3 7 |  7.6
Fighting       | 4 6 |  6.1
Spellcasting   | 3 5 |  5.0
Stealth        | |  2.0

Action                     |  1- 3 |  4- 6 |  7- 9 | 10-12 || total
---------------------------+-------+-------+-------+-------++-------
  Melee: Unarmed           |     8 |       |       |       ||     8
         Short sword       |    45 |       |       |       ||    45
         Kick              |    16 |    21 |    50 |    49 ||   136
         Peck              |    10 |    11 |    30 |    29 ||    80
         Long sword        |    18 |    79 |       |       ||    97
         Spear             |       |    30 |   237 |   200 ||   467
         Punch             |       |       |     2 |       ||     2
   Cast: Summon Small Mamm |     7 |     9 |    10 |     4 ||    30
         Call Imp          |    16 |    20 |    32 |    14 ||    82
         Call Canine Famil |       |    14 |    55 |    37 ||   106
         Summon Lightning  |       |       |       |     8 ||     8
    Use: Potion            |       |     2 |       |     1 ||     3
   Stab: Distracted        |     2 |     1 |     4 |     5 ||    12
         Sleeping          |     1 |     7 |     2 |       ||    10
 Armour: Robe              |    20 |    44 |    22 |    18 ||   104
  Dodge: Dodged            |    48 |    67 |    85 |    90 ||   290

Table legend: (Time is in decaauts)
 A = Elapsed time spent in this place.
 B = Non-inter-level travel time spent in this place.
 C = Inter-level travel time spent in this place.
 D = Time resting spent in this place.
 E = Time spent auto-exploring this place.
 F = Levels seen in this place.
 G = Mean time per level.
                   A        B        C        D        E       F      G
               +--------+--------+--------+--------+--------+-----+--------+
         Total |  10395 |  10122 |    273 |    393 |   7630 |  11 |  945.0 |
       Dungeon |  10393 |  10122 |    271 |    393 |   7630 |  10 | 1039.3 |
        Temple |      1 |      0 |      1 |      0 |      0 |   1 |    1.0 |
               +--------+--------+--------+--------+--------+-----+--------+

Top non-repeatable levels by time:
     D:6: 1587 daAuts
     D:4: 1335 daAuts
     D:5: 1304 daAuts
     D:3: 1246 daAuts
     D:1: 1191 daAuts
     D:8: 916 daAuts
     D:7: 913 daAuts
     D:9: 747 daAuts
     D:2: 604 daAuts
    D:10: 546 daAuts
  Temple: 1 daAuts
